 Dungeon Crawl Stone Soup version 0.31-a0-202-g547052bce9 (webtiles) character file.

Game seed: 6368062548402681995

354 qw the Skirmisher (level 6, -3/36 HPs)
             Began as a Deep Elf Hunter on June 26, 2023.
             Slain by Pikel
             ... wielding a +0 whip of electrocution
              (9 damage)
             ... on level 4 of the Dungeon.
             The game lasted 00:00:47 (2450 turns).

qw the Skirmisher (Deep Elf Hunter)                 Turns: 2450, Time: 00:00:47

Health: -3/36      AC:  6    Str: 10    XL:     6   Next: 35%
Magic:  8/8        EV: 11    Int: 14    God:
Gold:   192        SH:  0    Dex: 18    Spells: 5/5 levels left

rFire   . . .        Y - +0 shortbow (freeze)
rCold   . . .        (shield currently unavailable)
rNeg    . . .        k - +0 ring mail
rPois   .            (no helmet)
rElec   .            (no cloak)
rCorr   .            e - +0 pair of gloves
SInv    .            (no boots)
Will    .....        (no amulet)
Stlth   +            (no ring)
HPRegen 0.26/turn    (no ring)
MPRegen 0.11/turn

%: no passive effects
@: no status effects
A: no striking features
a: no special abilities


You were on level 4 of the Dungeon.
You visited 1 branch of the dungeon, and saw 4 of its levels.

You collected 192 gold pieces.


   Skills:
 - Level 2.5 Fighting
 + Level 9.5 Ranged Weapons
 - Level 2.4 Dodging
 - Level 1.2 Stealth


You had 5 spell levels left.
You didn't know any spells.
Your spell library was empty.

Inventory:

Hand Weapons
 Y - a +0 shortbow of freezing (weapon)
Armour
 e - a +0 pair of gloves (worn)
 k - a +0 ring mail (worn)
Scrolls
 a - a scroll of identify
Potions
 b - a potion of might
 f - a potion of haste {unknown}
 g - a potion of mutation {unknown}
 i - a potion of degeneration {unknown}
 j - a potion of berserk rage {unknown}
 m - a potion of curing
 n - a potion of brilliance {unknown}
 o - a potion of heal wounds {unknown}

Dungeon Overview and Level Annotations

Branches:
Dungeon (4/15)
 Temple: D:4-7

Altars:
Elyvilon
Vehumet

Annotations:
D:4 1 runed translucent door, Crazy Yiuf, Pikel


Message History

A lemure comes into view.
The lemure barely misses you.
You shoot an arrow. The arrow hits the lemure.
The arrow freezes the lemure.
The lemure is heavily wounded.
The lemure hits you.
Pikel, Merchant of Souls comes into view.
He is wielding a +0 whip of electrocution.
You shoot an arrow.
Pikel shouts!
The arrow hits the lemure.
The arrow freezes the lemure.
The lemure is severely wounded.
The lemure barely misses you.
Pikel says, "I just want to get paid!"
You shoot an arrow. The arrow closely misses the lemure.
The arrow hits the iguana but does no damage.
The lemure hits you but does no damage. The lemure barely misses you.
You shoot an arrow. The arrow hits the lemure.
The arrow freezes the lemure.
The lemure is severely wounded.
The lemure hits you.
You shoot an arrow.
The arrow hits the lemure but does no damage.
The lemure is severely wounded.
The iguana barely misses you. The lemure hits you. x2
You shoot an arrow. The arrow closely misses the lemure.
The lemure barely misses you. x2; The iguana bites you!
You shoot an arrow. The arrow closely misses the lemure.
The lemure barely misses you. x2; The iguana closely misses you.
You shoot an arrow. The arrow hits the lemure.
The arrow freezes the lemure.
The lemure is almost dead.
The lemure hits you but does no damage. The iguana bites you!
You shoot an arrow. The arrow hits Pikel!
The arrow freezes Pikel.
Pikel is moderately wounded.
The iguana closely misses you. The lemure barely misses you.
You shoot an arrow. The arrow hits Pikel!
The arrow freezes Pikel.
Pikel is heavily wounded.
The lemure barely misses you.
Pikel drinks a potion.
Pikel is healed!
The iguana barely misses you.
You shoot an arrow. The arrow misses Pikel.
The lemure hits you.
Pikel hits you with a +0 whip of electrocution!
You die...

........................#
.....########'##.......##
.....#...#.....#.......#
.....#...#.....#.......#
.....'...#.....'.......#
.....#'#####...#.......#
###+##...###...#.....###
'.........#....#.....#
#.........#....#@55..#
#.........#....#lK...#
#.........#....#55...#
..........#....#.....#
############+###.....#
.............. ........
.............. .........
.............. .........
..............


You could see Pikel, 4 lemures and an iguana.

Vanquished Creatures
  2 ogres (D:4)
  A scorpion (D:4)
  An iguana (D:4)
  4 adders
  An ufetubus (D:4)
  A worm (D:3)
  2 dart slugs (D:1)
  5 orcs (D:3)
  3 endoplasms
  2 giant cockroaches (D:1)
  4 hobgoblins
  A quokka (D:2)
  3 ball pythons
  2 bats
  3 frilled lizards
  8 goblins
  3 kobolds
  5 rats
51 creatures vanquished.

Notes
Turn   | Place    | Note
-------+----------+-------------------------------------------
     0 | D:1      | qw the Deep Elf Hunter began the quest for the Orb.
     0 | D:1      | Reached XP level 1. HP: 12/12 MP: 3/3
     0 | D:1      | 0 ||| qw: Version: 0.3-a-22-g0ed2b0b
     0 | D:1      | 0 ||| qw: Game counter: 6352
     0 | D:1      | 0 ||| qw: Melee chars always use a shield: true
     0 | D:1      | 0 ||| qw: God list: Okawaru
     0 | D:1      | 0 ||| qw: Allow faded altars: false
     0 | D:1      | 0 ||| qw: Do Orc after clearing Dungeon:15 true
     0 | D:1      | 0 ||| qw: Do second Lair branch before Depths: true
     0 | D:1      | 0 ||| qw: Lair rune preference: random
     0 | D:1      | 0 ||| qw: Goals: Normal
     0 | D:1      | 0 ||| PLANNING D:1-11
   277 | D:1      | Reached skill level 6 in Ranged Weapons
   277 | D:1      | Reached XP level 2. HP: 16/16 MP: 4/4
   623 | D:1      | 623 ||| UPGRADING to +0 pair of gloves.
   628 | D:1      | 628 ||| UPGRADING to +0 ring mail.
   638 | D:1      | 638 ||| DROPPING +0 leather armour.
   639 | D:1      | 639 ||| READING scroll labelled KAGOKH NONETH.
   640 | D:1      | 640 ||| READING scroll labelled RAPNIS RYMNUC.
   641 | D:1      | 641 ||| READING scroll labelled YKIEXY TACUE.
   644 | D:1      | 644 ||| READING scroll labelled CEKHIF LUSOSHRI.
   645 | D:1      | 645 ||| DROPPING scroll of butterflies.
  1055 | D:2      | Reached XP level 3. HP: 20/20 MP: 5/5
  1089 | D:2      | Reached skill level 7 in Ranged Weapons
  1262 | D:2      | 1262 ||| DROPPING ring of wizardry.
  1263 | D:2      | 1263 ||| READING scroll labelled USOYPNIFOA.
  1264 | D:2      | 1264 ||| READING 2 scrolls of identify.
  1264 | D:2      | 1264 ||| IDENTIFYING smoky yellow potion
  1265 | D:2      | 1265 ||| DROPPING potion of attraction.
  1782 | D:3      | Found a radiant altar of Vehumet.
  1790 | D:3      | Reached XP level 4. HP: 25/25 MP: 6/6
  2129 | D:3      | 2129 ||| READING scroll labelled GAMMEW WESTRED FOW.
  2130 | D:3      | 2130 ||| READING scroll labelled URPHOTR KIDOCOM.
  2131 | D:3      | 2131 ||| READING scroll labelled FEYGEO XOVOWNY.
  2132 | D:3      | 2132 ||| READING scroll labelled KIS DAOGEICW.
  2133 | D:3      | 2133 ||| READING 2 scrolls of identify.
  2133 | D:3      | 2133 ||| IDENTIFYING sedimented black potion
  2173 | D:4      | Reached skill level 8 in Ranged Weapons
  2182 | D:4      | Found a runed translucent door.
  2183 | D:4      | Noticed Crazy Yiuf
  2201 | D:4      | Found a white marble altar of Elyvilon.
  2261 | D:4      | Noticed a scorpion
  2264 | D:4      | Noticed an ogre
  2266 | D:4      | Killed a scorpion
  2267 | D:4      | Reached XP level 5. HP: 29/29 MP: 7/7
  2270 | D:4      | Killed an ogre
  2271 | D:4      | Reached skill level 9 in Ranged Weapons
  2433 | D:4      | Noticed an ogre
  2433 | D:4      | Noticed a lemure
  2434 | D:4      | Noticed a lemure
  2437 | D:4      | Noticed a lemure
  2438 | D:4      | Killed an ogre
  2439 | D:4      | Reached XP level 6. HP: 36/36 MP: 8/8
  2440 | D:4      | Noticed Pikel
  2447 | D:4      | HP: 7/36 [iguana (9)]
  2450 | D:4      | Slain by Pikel

Levels and vault maps discovered:
D:1:      dpeg_arrival_chambers_temple_mockup, layout_loops_ring
D:2:      layout_loops_ring
D:3:      layout_loops_corners, vehumet_crystals
D:4:      layout_gridville, kennysheep_mini_moat, uniq_pikel,
          uniq_crazy_yiuf_cottage

Skill      XL: |  1  2  3  4  5 |
---------------+----------------+-----
Ranged Weapons | 6 7 8 9 |  9.5
Fighting       | 2 |  2.5
Dodging        | |  2.4
Stealth        | |  1.2

Action                     |  1- 3 |  4- 6 || total
---------------------------+-------+-------++-------
   Fire: Shortbow          |    82 |    53 ||   135
    Use: Scroll            |     6 |     5 ||    11
 Armour: Ring mail         |     5 |     2 ||     7
         Leather armour    |     1 |       ||     1
  Dodge: Dodged            |     7 |    16 ||    23

Table legend:
 A = Non-vault XP
 B = Vault XP
 C = Vault XP percentage of total XP
 D = Non-vault monster count
 E = Vault monster count
 F = Vault count percentage of total count
                 A         B        C        D         E       F
            +---------+---------+-------+---------+---------+-------
      Total |     506 |       0 |   0.0 |      51 |       0 |   0.0
            +---------+---------+-------+---------+---------+-------
        D:1 |      28 |       0 |   0.0 |      16 |       0 |   0.0
        D:2 |      38 |       0 |   0.0 |      10 |       0 |   0.0
        D:3 |      45 |       0 |   0.0 |      15 |       0 |   0.0
        D:4 |     395 |       0 |   0.0 |      10 |       0 |   0.0
            +---------+---------+-------+---------+---------+-------
